 Dungeon Crawl Stone Soup version 0.22-a0-271-gc000056a37 (webtiles) character file.

93117 RedPan the Black Belt (level 15, 0/126 HPs)
             Began as a Demonspawn Monk on Mar 10, 2018.
             Was a Priest of Cheibriados.
             Slain by a two-headed ogre
             ... wielding a +0 giant club
              (15 damage)
             ... on level 15 of the Dungeon.
             The game lasted 01:09:13 (31617 turns).

RedPan the Black Belt (Demonspawn Monk)            Turns: 31617, Time: 01:09:14

Health: 0/126      AC: 30    Str: 27    XL:     15   Next: 59%
Magic:  21/21      EV: 13    Int: 25    God:    Cheibriados [***...]
Gold:   1912       SH:  7    Dex: 24    Spells: 14/14 levels left

rFire    + + .     SeeInvis +     - Unarmed
rCold    x . .     Gourm    .   y - +0 buckler
rNeg     . . .     Faith    .   U - +1 crystal plate armour of the Armoured One {Int+4}
rPois    .         Spirit   .   (helmet unavailable)
rElec    .         Reflect  .   L - +2 cloak
rCorr    .         Harm     .   V - +0 pair of gloves {Str+3}
MR       +....                  A - +0 pair of boots
Stlth    ..........             W - amulet of the acrobat
HPRegen  0.31/turn              m - ring of fire
MPRegen  0.17/turn              S - ring of protection from fire

@: drained, very slow
A: antennae 3, molten scales 2, powered by death 1, powered by pain 2, robust 1
a: Bend Time, Temporal Distortion, Renounce Religion


You were on level 15 of the Dungeon.
You worshipped Cheibriados.
Cheibriados was most pleased with you.
You were very hungry.

You visited 4 branches of the dungeon, and saw 24 of its levels.
You also visited: Labyrinth.

You collected 1912 gold pieces.

Inventory:

Armour
 h - a +0 plate armour
 y - a +0 buckler (worn)
 A - a +0 pair of boots (worn)
 L - a +2 cloak (worn)
 U - the +1 crystal plate armour of the Armoured One (worn) {Int+4}
   (You found it in a labyrinth)

   It affects your intelligence (+4).
 V - a +0 pair of gloves of strength (worn)
Jewellery
 e - the ring "Zyabrudd" {Wiz rN+}
   (You found it on level 5 of the Lair of Beasts)

   [ring of wizardry]

   It improves your spell success rate.
   It protects you from negative energy.
 m - a ring of fire (left hand)
 o - an uncursed ring of resist corrosion
 q - an uncursed ring of protection from fire
 B - a +4 ring of protection
 F - an uncursed ring of positive energy
 O - a +3 ring of dexterity
 Q - a +3 ring of protection
 S - a ring of protection from fire (right hand)
 W - an amulet of the acrobat (around neck)
Wands
 k - a wand of enslavement (13)
 r - a wand of iceblast (7)
 s - a wand of flame (78)
 t - a wand of paralysis (12)
 C - a wand of digging (17)
 G - a wand of polymorph (29)
 I - a wand of acid (28)
 J - a wand of disintegration (10)
 T - a wand of scattershot (7)
Scrolls
 c - 8 scrolls of remove curse
 f - a scroll of blinking
 g - 4 scrolls of teleportation
 v - 3 scrolls of fog
 w - 4 scrolls of amnesia
 z - 6 scrolls of magic mapping
 K - 3 scrolls of enchant weapon
 X - a scroll of identify
Potions
 a - 3 potions of brilliance
 d - 5 potions of curing
 i - 2 potions of berserk rage
 j - 3 potions of ambrosia
 l - a potion of agility
 n - 3 potions of haste
 p - 2 potions of mutation
 x - 6 potions of flight
 D - a potion of resistance {unknown}
 E - 2 potions of cancellation
 H - 2 potions of magic
 M - 3 potions of might
 N - 4 potions of lignification
 P - a potion of heal wounds
Comestibles
 b - 37 rations


   Skills:
 + Level 9.8(9.3) Fighting
 + Level 10.7(10.2) Armour
 + Level 11.6(11.1) Dodging
 - Level 1.7(1.3) Stealth
 + Level 9.0(8.5) Shields
 * Level 15.6(15.0) Unarmed Combat
 - Level 9.0(8.5) Invocations


You had 14 spell levels left.
You didn't know any spells.

Dungeon Overview and Level Annotations

Branches:
Dungeon (15/15)            Temple (1/1) D:5            Lair (6/6) D:8
  Swamp (0/4) Lair:3        Snake (0/4) Lair:4        Slime (0/5) Lair:6
    Orc (2/2) D:10            Elf (0/3) Orc:2        Vaults (0/5) D:14
 Depths: D:15

Altars:
Ashenzari
Cheibriados
Dithmenos
Elyvilon
Fedhas
Gozag
Hepliaklqana
Kikubaaqudgha
Makhleb
Nemelex Xobeh
Okawaru
Qazlal
Ru
Sif Muna
Trog
Uskayaw
Vehumet
Wu Jian
Xom
Yredelemnul
Zin
The Shining One

Shops:
D:6 *   D:8 %   Orc:2 (*}(

Annotations:
D:3 2 transporters
D:4 exclusion: ogre
Lair:2 exclusion: 2 oklob plants


Innate Abilities, Weirdness & Mutations

You have a pair of large antennae on your head. (SInv)
You are mostly covered in molten scales. (AC +3)
You regenerate a little health from kills.
You sometimes gain power by taking damage.
You are robust. (+10% HP)


Message History

The two-headed ogre is heavily wounded.
The two-headed ogre hits you but does no damage.
The two-headed ogre barely misses you.
You hit the two-headed ogre.
The two-headed ogre is heavily wounded.
The two-headed ogre hits you but does no damage. x2
You hit the two-headed ogre.
The two-headed ogre is heavily wounded.
You punch the two-headed ogre!
The two-headed ogre is severely wounded.
You punch the two-headed ogre!
The two-headed ogre is moderately wounded.
You block the two-headed ogre's attack.
The two-headed ogre hits you but does no damage.
You punch the two-headed ogre!
The two-headed ogre is severely wounded.
The two-headed ogre hits you with a giant club!
* * * LOW HITPOINT WARNING * * *
The two-headed ogre hits you with a giant spiked club!
You die...

{ .....#.. # {{ {#
......# #. .# . .....#
#.. { ..# .#######.. .
#..#####..#...#.(.(.u..
.. #.......##...#<(uu.u..
... #.†.).##....#........
$...###O###.....#........
......)O@.......#........
##..............######+##
#..................
#......)...........
#.....###.........
#.#####.#.........
#.+.....#....###### #
+.....#....#....#
#.....#....#....#


You could see 2 two-headed ogres.

Vanquished Creatures
  Rupert (D:12)
  Kirke (Lair:5)
  An orc warlord (Orc:2)
  Azrael (D:15)
  A minotaur (Lab)
  Snorg (D:13)
  A fire dragon (Lair:6)
  Josephine (D:15)
  4 vault guards (D:14)
  An ogre mage (D:15)
  4 hydras
  A catoblepas (Lair:5)
  Erica (Lair:2)
  3 centaur warriors
  10 two-headed ogres
  4 tengu warriors
  5 orc high priests (Orc:2)
  Nergalle (D:10)
  A skeletal warrior (D:14)
  The ghost of Manul the Covert, a novice DsAs of Gozag (D:9)
  2 unseen horrors (D:15)
  2 wizards
  8 orc knights (Orc:2)
  3 orc sorcerers
  2 deep elf magi (D:15)
  3 cyclopes
  11 ugly things
  3 centaur zombies
  A manticore (D:12)
  An elephant (D:8)
  8 black mambas
  A naga mage (D:15)
  2 molten gargoyles (Lair:6)
  13 spiny frogs
  12 komodo dragons
  A freezing wraith (D:14)
  3 tengu conjurers
  A polar bear (Lair:2)
  3 trolls
  A wolf spider simulacrum (D:14)
  A tyrant leech (Lair:3)
  Prince Ribbit (D:7)
  4 dream sheep (Lair:5)
  18 blink frogs
  15 hippogriffs
  Sigmund (D:6)
  3 shadows
  29 yaks
  4 wraiths (D:15)
  9 wyverns
  2 hogs (Lair:5)
  A fire elemental (D:15)
  5 vampire mosquitoes (D:14)
  2 steam dragons (Lair:6)
  A hungry ghost (D:11)
  8 basilisks
  4 wargs
  16 water moccasins
  2 acid dragons
  9 hell hounds
  8 porcupines
  3 black bears
  35 orc warriors
  4 sky beasts
  5 ice beasts
  2 eyes of draining
  2 necrophages
  3 phantoms
  12 ogres
  8 wolves
  2 centaurs
  13 crocodiles
  4 big kobolds
  A gnoll sergeant (D:8)
  21 bullfrogs
  A water moccasin zombie (D:8)
  A wyvern zombie (D:13)
  A water moccasin skeleton (D:10)
  3 scorpions
  10 killer bees
  4 wights (D:9)
  4 electric eels
  7 crimson imps
  A bullfrog zombie (D:12)
  5 lava snakes (Lair:6)
  5 hounds
  8 jellies
  4 centaur skeletons
  A gnoll shaman (D:10)
  25 orc priests
  21 orc wizards
  An iron imp (D:6)
  Ijyb (D:2)
  An iguana (D:14)
  7 hell rats (Lair:6)
  16 worker ants
  14 gnolls
  10 adders
  3 shadow imps
  6 oozes (Lair:6)
  An adder skeleton (D:5)
  2 adder zombies
  2 worms
  2 dart slugs (D:4)
  7 leopard geckos
  71 orcs
  6 giant cockroaches
  18 goblins
  10 hobgoblins
  23 jackals
  7 quokkas
  A ball python (D:3)
  A ball python skeleton (D:4)
  7 bats
  8 frilled lizards
  A jackal zombie (D:9)
  30 kobolds
  2 leopard gecko skeletons
  A leopard gecko zombie (D:5)
  A quokka skeleton (D:9)
  4 rats
748 creatures vanquished.

Vanquished Creatures (others)
  3 humans (Lair:5)
  An orc wizard (D:6)
  An orc (D:11)
  2 bushes (Lair:6)
  16 fungi
  13 plants
36 creatures vanquished.

Grand Total: 784 creatures vanquished

Notes
Turn   | Place    | Note
-------+----------+-------------------------------------------
     0 | D:1      | RedPan the Demonspawn Monk began the quest for the Orb.
     0 | D:1      | Reached XP level 1. HP: 18/18 MP: 1/1
   215 | D:1      | Reached skill level 3 in Unarmed Combat
   215 | D:1      | Gained mutation: You are partially covered in molten scales. (AC +2) [demonic ancestry]
   215 | D:1      | Reached XP level 2. HP: 24/24 MP: 2/2
  1017 | D:2      | Gained mutation: You sometimes gain a little power by taking damage. [demonic ancestry]
  1017 | D:2      | Reached XP level 3. HP: 28/29 MP: 3/3
  1870 | D:2      | Noticed Ijyb
  1926 | D:2      | Gained mutation: You have a pair of small antennae on your head. [demonic ancestry]
  1926 | D:2      | Reached XP level 4. HP: 26/35 MP: 4/4
  2037 | D:2      | Killed Ijyb
  2568 | D:3      | Reached skill level 4 in Unarmed Combat
  2697 | D:3      | Reached XP level 5. HP: 28/42 MP: 5/5
  2854 | D:3      | Noticed an ice beast
  2867 | D:3      | Killed an ice beast
  3039 | D:3      | Found a transporter.
  3138 | D:3      | Found a transporter.
  3734 | D:4      | Reached XP level 6. HP: 37/48 MP: 6/6
  4555 | D:4      | Reached skill level 5 in Unarmed Combat
  4572 | D:4      | Found a shimmering altar of Xom.
  4574 | D:4      | Found a sacrificial altar of Ru.
  4574 | D:4      | Found a radiant altar of Vehumet.
  4576 | D:4      | Found a basalt altar of Yredelemnul.
  4576 | D:4      | Found a glowing silver altar of Zin.
  4576 | D:4      | Found a white marble altar of Elyvilon.
  4856 | D:5      | Entered Level 5 of the Dungeon
  4875 | D:5      | Found a staircase to the Ecumenical Temple.
  4886 | Temple   | Entered the Ecumenical Temple
  5140 | D:5      | Noticed a sky beast
  5421 | D:5      | Noticed an ice beast
  5460 | D:5      | Killed an ice beast
  5870 | D:5      | Gained mutation: You have a pair of antennae on your head. [demonic ancestry]
  5870 | D:5      | Reached XP level 7. HP: 53/55 MP: 7/7
  6045 | D:5      | Found a radiant altar of Vehumet.
  6365 | D:5      | Reached skill level 5 in Fighting
  6379 | D:5      | Found an iron altar of Okawaru.
  6518 | D:5      | Reached skill level 6 in Unarmed Combat
  7365 | D:5      | Reached skill level 5 in Dodging
  7461 | D:5      | Found a sacrificial altar of Ru.
  7579 | D:6      | Found a white marble altar of Elyvilon.
  7629 | D:6      | Gained mutation: You regenerate a little health from kills. [demonic ancestry]
  7629 | D:6      | Reached XP level 8. HP: 46/62 MP: 8/8
  7844 | D:6      | Reached skill level 1 in Armour
  7959 | D:6      | Noticed Sigmund
  7986 | D:6      | Killed Sigmund
  7986 | D:6      | Reached skill level 7 in Unarmed Combat
  8042 | D:6      | Found Siuphyaz's Assorted Antiques.
  8068 | D:6      | Found a bloodstained altar of Trog.
  8744 | D:6      | Found a snail-covered altar of Cheibriados.
  8774 | D:6      | Became a worshipper of Cheibriados the Contemplative
  8774 | D:6      | Reached * piety under Cheibriados
  8774 | D:6      | Reached ** piety under Cheibriados
  9341 | D:7      | Found a burning altar of Makhleb.
  9371 | D:7      | Reached skill level 8 in Unarmed Combat
  9385 | D:7      | Reached skill level 1 in Invocations
  9385 | D:7      | Reached XP level 9. HP: 25/67 MP: 9/9
  9665 | D:7      | Reached *** piety under Cheibriados
  9725 | D:7      | Found a shattered altar of Ashenzari.
  9763 | D:7      | Noticed Prince Ribbit
  9861 | D:7      | Killed Prince Ribbit
 10457 | D:8      | Reached skill level 9 in Unarmed Combat
 10511 | D:8      | Noticed a two-headed ogre
 10516 | D:8      | Killed a two-headed ogre
 10575 | D:8      | Gained mutation: You are mostly covered in molten scales. (AC +3) [demonic ancestry]
 10575 | D:8      | Reached XP level 10. HP: 28/73 MP: 13/13
 10776 | D:8      | Noticed a two-headed ogre
 10784 | D:8      | Killed a two-headed ogre
 10784 | D:8      | Reached skill level 5 in Invocations
 10892 | D:8      | Reached **** piety under Cheibriados
 10899 | D:8      | Found Asahofaafo's Food Emporium.
 10977 | D:8      | Found a basalt altar of Yredelemnul.
 11077 | D:8      | Reached skill level 5 in Armour
 11161 | D:8      | Noticed an elephant
 11177 | D:8      | Killed an elephant
 11177 | D:8      | Reached skill level 10 in Unarmed Combat
 11324 | D:8      | Found a staircase to the Lair.
 11773 | D:9      | Found a shadowy altar of Dithmenos.
 11779 | D:9      | Reached ***** piety under Cheibriados
 11870 | D:9      | Noticed Manul's ghost (novice DsAs)
 11888 | D:9      | Killed Manul's ghost
 12370 | D:9      | Found a glowing silver altar of Zin.
 12444 | D:9      | Found a hide-covered altar of Uskayaw.
 12468 | D:9      | Reached skill level 1 in Shields
 12706 | D:10     | Entered Level 10 of the Dungeon
 12925 | D:10     | Found a staircase to the Orcish Mines.
 12968 | D:10     | Reached XP level 11. HP: 71/79 MP: 16/16
 13010 | D:10     | Noticed a two-headed ogre
 13021 | D:10     | Killed a two-headed ogre
 13031 | D:10     | Noticed a two-headed ogre
 13045 | D:10     | Killed a two-headed ogre
 13561 | D:10     | Reached skill level 11 in Unarmed Combat
 13606 | D:10     | Noticed Nergalle
 13655 | D:10     | Killed Nergalle
 15586 | D:11     | Noticed a brown ugly thing
 15608 | D:11     | Killed a brown ugly thing
 15852 | Lair:1   | Entered Level 1 of the Lair of Beasts
 16482 | Lair:1   | Gained mutation: You have a pair of large antennae on your head. (SInv) [demonic ancestry]
 16482 | Lair:1   | Reached XP level 12. HP: 86/86 MP: 18/18
 17340 | Lair:2   | Reached skill level 12 in Unarmed Combat
 17834 | Lair:2   | Noticed Erica
 17851 | Lair:2   | Killed Erica
 18416 | Lair:3   | Reached ****** piety under Cheibriados
 18489 | Lair:3   | Reached skill level 5 in Shields
 18911 | Lair:3   | Found a staircase to the Swamp.
 19394 | Lair:4   | Found a labyrinth entrance.
 19541 | Lab      | Entered a labyrinth
 21041 | Lab      | Noticed a minotaur
 21057 | Lab      | Killed a minotaur
 21060 | Lab      | Got a heavily runed crystal plate armour
 21071 | Lab      | Identified the cursed +1 crystal plate armour of the Armoured One {Int+4} (You found it in a labyrinth)
 21465 | Lair:4   | Found a staircase to the Snake Pit.
 21655 | Lair:4   | Reached skill level 13 in Unarmed Combat
 21668 | Lair:4   | Gained mutation: You sometimes gain power by taking damage. [demonic ancestry]
 21668 | Lair:4   | Reached XP level 13. HP: 88/93 MP: 19/19
 22365 | Lair:5   | Noticed Kirke
 22395 | Lair:5   | Killed Kirke
 22858 | Lair:5   | Got a fine granite ring
 22860 | Lair:5   | Identified the ring "Zyabrudd" {Wiz rN+} (You found it on level 5 of the Lair of Beasts)
 23225 | Lair:6   | Entered Level 6 of the Lair of Beasts
 23386 | Lair:5   | Reached skill level 10 in Dodging
 24571 | Lair:6   | Found a staircase to the Slime Pits.
 24985 | Lair:6   | Reached skill level 14 in Unarmed Combat
 25129 | Lair:6   | Found a large runed door.
 25130 | Lair:6   | Found a large runed door.
 25150 | Lair:6   | Noticed a fire dragon
 25279 | Lair:6   | Killed a fire dragon
 25279 | Lair:6   | Gained mutation: You are robust. (+10% HP) [demonic ancestry]
 25279 | Lair:6   | Reached XP level 14. HP: 70/114 MP: 16/20
 25607 | Orc:1    | Entered Level 1 of the Orcish Mines
 25762 | Orc:2    | Entered Level 2 of the Orcish Mines
 26019 | Orc:2    | Noticed an orc warlord
 26140 | Orc:2    | Killed an orc warlord
 26348 | Orc:2    | Found a staircase to the Elven Halls.
 27030 | Orc:2    | Paralysed by an orc sorcerer for 3 turns
 27465 | Orc:2    | Found Yloej's Weapon Emporium.
 27468 | Orc:2    | Found Woqigagg's Weapon Emporium.
 27469 | Orc:2    | Found Penill's General Store.
 27470 | Orc:2    | Found Aloedag's Gadget Shoppe.
 28141 | D:12     | Noticed Rupert
 28141 | D:12     | Paralysed by Rupert for 2 turns
 28166 | D:12     | Killed Rupert
 29056 | D:13     | Found an opulent altar of Gozag.
 29194 | D:13     | Noticed Snorg
 29207 | D:13     | Killed Snorg
 29207 | D:13     | Reached skill level 10 in Armour
 29854 | D:14     | Found a gate to the Vaults.
 29890 | D:14     | Reached skill level 15 in Unarmed Combat
 29901 | D:14     | Reached XP level 15. HP: 94/124 MP: 15/21
 31029 | D:15     | Entered Level 15 of the Dungeon
 31062 | D:15     | Noticed Azrael
 31075 | D:15     | Killed Azrael
 31447 | D:15     | Noticed Josephine
 31457 | D:15     | Killed Josephine
 31557 | D:15     | Paralysed by an ogre mage for 2 turns
 31617 | D:15     | Slain by a two-headed ogre

Vault maps used:
D:1:      sevenhm_arrival_forest_fort_large_2
D:2:      kennysheep_the_goblin_king
D:3:      gammafunk_steamed_eel, first_ration
D:4:      doesnt_xom_only_xom
D:5:      nicolae_ru_the_path_less_chosen, okawaru_altar_gauntlet_db,
          overflow_temple_1_default, minmay_temple_entry_statues_fountains
D:6:      slow_altar_1, old_standard_altar, elyvilon_altar_4, serial_shops,
          nicolae_shop_statue_plus, serial_bayou_ford_a,
          minmay_item_behind_shaft, uniq_sigmund
D:7:      nicolae_overflow_crystal_walls, kennysheep_mini_moat,
          uniq_prince_ribbit1
D:8:      yredelemnul_altar_generic, david_lair_generic, serial_shops,
          kennysheep_mini
D:9:      overflow_temple_1_default, grunt_dithmenos_shadows, marbit_many_paths,
          enter_bailey_3, kennysheep_nondescript
D:10:     minmay_orc_entry_guard_dogs, uniq_nergalle
D:11:     grunt_ogre_cave, lemuel_old_faithful
D:12:     uniq_rupert
D:13:     basic_altar, fountainhead, kennysheep_generic_room_6, uniq_snorg
D:14:     lightli_vaults_fourway_checkpoint
D:15:     grunt_enter_depths_magical_seal, minmay_misc_feat_chi, uniq_sonja,
          uniq_josephine, uniq_azrael
Temple:   jpeg_temple_island
Lair:1:   portal_ice_cave_entry_pillars_1, serial_bayou_shore_a,
          infiniplex_staircase_pool_2
Lair:2:   grunt_megastairs_1, infiniplex_staircase_pool,
          minmay_lair_oklob_chamber, serial_bayou_shore_b, uniq_erica
Lair:3:   minmay_swamp_entry_worms
Lair:4:   minmay_snake_entry_six_corridors, lab_entry_generic,
          beast_lair_carwin_4
Lair:5:   uniq_kirke
Lair:6:   cheibrodos_lair_end_hotspot, nicolae_slime_entry_slimehenge
Orc:1:    serial_shops, nicolae_shop_trees
Orc:2:    st_orc_pillars
Lab:      labyrinth_skeletal_remains, nicolae_lab_very_dead_end

Skill      XL: |  1  2  3  4  5  6  7  8  9 10 11 12 13 14 15 |
---------------+----------------------------------------------+-----
Unarmed Combat | 3 4 5 6 8 9 10 11 13 14 15 | 15.6
Dodging        | 3 4 5 6 7 8 9 10 11 | 11.6
Fighting       | 4 5 6 7 9 |  9.8
Armour         | 3 4 5 7 8 9 10 | 10.7
Invocations    | 1 4 7 8 9 |  9.0
Shields        | 1 3 5 7 8 9 |  9.0
Stealth        | |  1.7

Action                   |  1- 3 |  4- 6 |  7- 9 | 10-12 | 13-15 || total
-------------------------+-------+-------+-------+-------+-------++-------
Melee: Unarmed           |   164 |   296 |   552 |  1084 |  1445 ||  3541
       Punch             |     3 |    14 |    17 |     9 |       ||    43
Invok: Bend Time         |       |       |     3 |    10 |    26 ||    39
       Slouch            |       |       |       |     2 |    19 ||    21
Evoke: Wand              |       |       |       |    10 |       ||    10
  Use: Scroll            |       |    14 |     4 |    16 |    13 ||    47
       Potion            |       |     3 |       |     6 |     3 ||    12
 Stab: Sleeping          |     4 |     3 |     5 |       |       ||    12
       Invisible         |       |       |       |     4 |     6 ||    10
       Petrified         |       |       |       |       |     1 ||     1
  Eat: Ration            |     1 |     1 |       |     1 |     1 ||     4
       Chunk             |       |     9 |    13 |    22 |    18 ||    62
Armor: Robe              |    37 |    33 |       |       |       ||    70
       Leather armour    |       |    41 |    54 |       |       ||    95
       Chain mail        |       |       |   108 |   389 |       ||   497
       Crystal plate arm |       |       |       |    31 |   630 ||   661
Dodge: Dodged            |   102 |   197 |   320 |   675 |   771 ||  2065
Block: Buckler           |       |       |       |   267 |   457 ||   724

Table legend:
 A = Spawn XP
 B = Non-spawn XP
 C = Spawn XP percentage of total XP
 D = Spawn monster count
 E = Non-spawn monster count
 F = Spawn count percentage of total count
 G = Total turns spent on level
                    A         B        C        D         E        F      G
               +---------+---------+-------+---------+---------+-------+---------
         Total |       0 |  133025 |   0.0 |       0 |     749 |   0.0 | 31617
               +---------+---------+-------+---------+---------+-------+---------
           D:1 |       0 |      37 |   0.0 |       0 |      22 |   0.0 |   978
           D:2 |       0 |     104 |   0.0 |       0 |      24 |   0.0 |  1513
           D:3 |       0 |     216 |   0.0 |       0 |      22 |   0.0 |  1274
           D:4 |       0 |     138 |   0.0 |       0 |      15 |   0.0 |  1229
           D:5 |       0 |     904 |   0.0 |       0 |      30 |   0.0 |  2569
           D:6 |       0 |    1039 |   0.0 |       0 |      26 |   0.0 |  1650
           D:7 |       0 |    1373 |   0.0 |       0 |      33 |   0.0 |  1229
           D:8 |       0 |    4484 |   0.0 |       0 |      47 |   0.0 |  1418
           D:9 |       0 |    1926 |   0.0 |       0 |      33 |   0.0 |  1055
          D:10 |       0 |    4930 |   0.0 |       0 |      36 |   0.0 |  1897
          D:11 |       0 |    4538 |   0.0 |       0 |      35 |   0.0 |  1277
          D:12 |       0 |    7276 |   0.0 |       0 |      23 |   0.0 |   952
          D:13 |       0 |    5164 |   0.0 |       0 |      20 |   0.0 |   723
          D:14 |       0 |   19184 |   0.0 |       0 |      57 |   0.0 |  1336
          D:15 |       0 |   17366 |   0.0 |       0 |      37 |   0.0 |   502
        Lair:1 |       0 |    3445 |   0.0 |       0 |      17 |   0.0 |  1264
        Lair:2 |       0 |    4371 |   0.0 |       0 |      18 |   0.0 |  1135
        Lair:3 |       0 |    4030 |   0.0 |       0 |      19 |   0.0 |  1153
        Lair:4 |       0 |    6321 |   0.0 |       0 |      29 |   0.0 |  1188
        Lair:5 |       0 |    9018 |   0.0 |       0 |      28 |   0.0 |  1317
        Lair:6 |       0 |   16838 |   0.0 |       0 |      71 |   0.0 |  1873
         Orc:1 |       0 |    1102 |   0.0 |       0 |       7 |   0.0 |   176
         Orc:2 |       0 |   17524 |   0.0 |       0 |      97 |   0.0 |  1891
           Lab |       0 |    1697 |   0.0 |       0 |       3 |   0.0 |  1793
               +---------+---------+-------+---------+---------+-------+---------
